 Dungeon Crawl Stone Soup version 0.29-a0-911-g88e6f02907 (webtiles) character file.

Game seed: 701996740127159726

154 lesaewzxc the Cutter (level 5, 0/33 HPs)
             Began as a Kobold Berserker on July 25, 2022.
             Was a Follower of Trog.
             Killed from afar by an orc wizard (9 damage)
             ... with a magic dart
             ... on level 4 of the Dungeon.
             The game lasted 00:08:25 (2253 turns).

lesaewzxc the Cutter (Kobold Berserker)             Turns: 2253, Time: 00:08:29

Health: 0/33       AC:  9    Str: 16    XL:     5   Next: 63%
Magic:  14/14      EV: 14    Int:  9    God:    Trog [*.....]
Gold:   69         SH:  0    Dex: 14    Spells: 4/4 levels left

rFire   . . .      SeeInvis .   m - +0 short sword (holy)
rCold   . . .      Faith    .   (no shield)
rNeg    . . .      Spirit   .   d - +4 ring mail
rPois   +          Reflect  .   (no helmet)
rElec   .          Harm     .   (no cloak)
rCorr   .          Rampage  .   (no gloves)
Will    .....                   (no boots)
Stlth   ++........              (no amulet)
HPRegen 0.11/turn               f - ring of magical power
MPRegen 0.14/turn               h - ring of poison resistance

@: no status effects
A: small, no large weapons, nightstalker 3
a: Renounce Religion, Berserk


You were on level 4 of the Dungeon.
You worshipped Trog.
Trog was aware of your devotion.
You visited 1 branch of the dungeon, and saw 4 of its levels.

You collected 69 gold pieces.

Inventory:

Hand Weapons
 a - a +0 short sword
 m - a +0 short sword of holy wrath (weapon)
Armour
 b - a +0 animal skin
 d - a +4 ring mail (worn)
Jewellery
 f - a ring of magical power (left hand)
 h - a ring of poison resistance (right hand)
 k - an amulet of faith
Wands
 l - a wand of flame (13)
Scrolls
 c - a scroll of poison
 i - a scroll of butterflies
Potions
 e - a potion of haste {unknown}


   Skills:
 + Level 4.3 Fighting
 + Level 5.2 Short Blades
 + Level 2.5 Armour
 + Level 3.8 Dodging


You had 4 spell levels left.
You didn't know any spells.
Your spell library was empty.

Dungeon Overview and Level Annotations

Branches:
Dungeon (4/15)
 Temple: D:4-7

Altars:


Innate Abilities, Weirdness & Mutations

You are small and have problems with some larger weapons.
You are completely attuned to the shadows.


Message History

You are too confused!
You are too confused!
You bump into the rock wall.
You feel less confused.
There is an escape hatch in the floor here.
You hear some strange, mumbled words.
A puff of flame appears from out of thin air!
The puff of flame misses you. Something hits you but does no damage.
There is an escape hatch in the floor here.
Something hits you but does no damage.
You slide downwards.
The hatch slams shut behind you.
Reactivating autopickup.
Something hits you but does no damage.
Deactivating autopickup; reactivate with Ctrl-A.
Something hits you but does no damage.
You hear some strange, mumbled words.
You are confused.
A magic dart appears from out of thin air!
The magic dart hits you.
* * * LOW HITPOINT WARNING * * *
You bump into the rock wall.
Unknown command.
You are too confused!
Something hits you but does no damage. Something hits you but does no damage.
You feel less confused. Something hits you.
* * * LOW HITPOINT WARNING * * *
Something hits you but does no damage.
You closely miss something. Something hits you but does no damage.
Aiming: Throw Flame
Press: ? - help, Q - select action Shift-Dir - straight line Something barely misses you.
Aiming: Throw Flame
Press: ? - help, Q - select action Shift-Dir - straight line You hear some strange, mumbled words.
A magic dart appears from out of thin air!
The magic dart hits you!
You die...

# ..
####.#.
#.@....
#{##...
#......
#..#...
#..# ..
#... #
#....


There were no monsters in sight!

Vanquished Creatures
  2 orc wizards (D:3)
  2 adders (D:2)
  5 orcs (D:3)
  5 endoplasms
  5 goblins
  4 hobgoblins
  6 jackals (D:2)
  3 kobolds
  7 ball pythons
  2 bats
  A frilled lizard (D:2)
  4 rats
46 creatures vanquished.

Vanquished Creatures (collateral kills)
  An orc priest (D:3)
  An orc (D:3)
2 creatures vanquished.

Vanquished Creatures (others)
  2 plants (D:2)
2 creatures vanquished.

Grand Total: 50 creatures vanquished

Notes
Turn   | Place    | Note
-------+----------+-------------------------------------------
     0 | D:1      | lesaewzxc the Kobold Berserker began the quest for the Orb.
     0 | D:1      | Reached XP level 1. HP: 14/14 MP: 1/1
   101 | D:1      | Reached XP level 2. HP: 17/19 MP: 2/2
   401 | D:2      | Reached XP level 3. HP: 15/24 MP: 3/3
  1158 | D:2      | Reached XP level 4. HP: 18/29 MP: 4/4
  2096 | D:3      | Reached skill level 5 in Short Blades
  2100 | D:3      | Reached XP level 5. HP: 33/33 MP: 5/5
  2253 | D:4      | Killed from afar by an orc wizard

Illustrated notes

Levels and vault maps discovered:
D:1:      scummos_arrival_star, layout_rooms
D:2:      layout_basic, chequers_serial_rivers_marsh, kennysheep_flooded_box,
          roderic_three_in_a_row, kennysheep_cross_bottleneck,
          serial_bayou_crossing, uniq_crazy_yiuf_cottage
D:3:      layout_loops_ring, lemuel_coloured_pillars_altar,
          mainiacjoe_overflow_alcove_4
D:4:      layout_basic, nicolae_specific_store

Skill      XL: |  1  2  3  4 |
---------------+-------------+-----
Armour         | 2 |  2.5
Dodging        | 3 |  3.8
Fighting       | 4 |  4.3
Short Blades   | 5 |  5.2

Action                   |  1- 3 |  4- 6 || total
-------------------------+-------+-------++-------
Melee: Short sword       |   144 |    57 ||   201
Invok: Berserk           |       |     1 ||     1
Evoke: Wand              |       |     2 ||     2
  Use: Scroll            |     3 |     1 ||     4
       Potion            |     1 |     2 ||     3
 Stab: Sleeping          |     4 |       ||     4
Armor: Ring mail         |    62 |    36 ||    98
       Animal skin       |     1 |       ||     1
Dodge: Dodged            |   105 |    37 ||   142

Table legend: (Time is in decaauts)
 A = Elapsed time spent in this place.
 B = Non-inter-level travel time spent in this place.
 C = Inter-level travel time spent in this place.
 D = Time resting spent in this place.
 E = Time spent auto-exploring this place.
 F = Levels seen in this place.
 G = Mean time per level.
                   A        B        C        D        E       F      G
               +--------+--------+--------+--------+--------+-----+--------+
         Total |   2243 |   2224 |     19 |      0 |   1122 |   4 |  560.8 |
       Dungeon |   2243 |   2224 |     19 |      0 |   1122 |   4 |  560.8 |
               +--------+--------+--------+--------+--------+-----+--------+

Top non-repeatable levels by time:
     D:2: 1750 daAuts
     D:1: 311 daAuts
     D:3: 169 daAuts
     D:4: 11 daAuts
